 Dungeon Crawl Stone Soup version 0.21-a0-621-gc60411f (webtiles) character file.

2042 Charly the Cleaver (level 9, 0/82 HPs)
             Began as a Deep Dwarf Gladiator on Dec 23, 2017.
             Was a Follower of Makhleb.
             Slain by a troll (8 damage)
             ... on level 11 of the Dungeon.
             The game lasted 00:18:04 (1523 turns).

Charly the Cleaver (Deep Dwarf Gladiator)           Turns: 1523, Time: 00:18:05

Health: 0/82       AC:  4    Str: 29    XL:     9   Next: 4%
Magic:  4/4        EV: 19    Int:  5    God:    Makhleb [*.....]
Gold:   43         SH:  0    Dex: 14    Spells: 8/8 levels left

rFire    + . .     SeeInvis .   a - +0 war axe
rCold    . . .     Gourm    .   (no shield)
rNeg     . . .     Faith    .   b - +0 leather armour
rPois    .         Spirit   .   c - +0 helmet
rElec    .         Reflect  .   (no cloak)
rCorr    .         Harm     .   (no gloves)
MR       +....                  (no boots)
Stlth    +.........             (no amulet)
HPRegen  0.00/turn              h - +6 ring of evasion
MPRegen  0.09/turn              r - ring of Sematuch {rF+ Str+7 Int-3}

@: lethally poisoned (0 -> 0), non-regenerating
A: damage resistance, heal wounds, sense surroundings 2, no regeneration
a: Heal Wounds, Renounce Religion


You were on level 11 of the Dungeon.
You worshipped Makhleb.
Makhleb was aware of your devotion.
You were hungry.

You visited 2 branches of the dungeon, and saw 13 of its levels.
You also visited: Sewer.

You collected 43 gold pieces.

Inventory:

Hand Weapons
 a - a +0 war axe (weapon)
 d - a +0 dire flail
Armour
 b - a +0 leather armour (worn)
 c - a +0 helmet (worn)
Jewellery
 h - a +6 ring of evasion (left hand)
 r - the ring of Sematuch (right hand) {rF+ Str+7 Int-3}
   (You found it on level 11 of the Dungeon)

   [ring of protection from fire]

   It affects your strength (+7).
   It affects your intelligence (-3).
   It protects you from fire.
Wands
 q - a wand of flame (24)
Scrolls
 i - 2 scrolls of teleportation
 k - 2 scrolls of fog
 n - a scroll of fear
 o - a scroll of remove curse
Potions
 e - a potion of lignification {unknown}
 g - 2 potions of brilliance
 j - a potion of degeneration {unknown}
 l - a potion of magic {unknown}
 m - 4 potions of flight
 p - a potion of resistance {unknown}
Comestibles
 f - 5 rations


   Skills:
 + Level 6.3 Fighting
 * Level 10.8 Axes
 - Level 1.7 Throwing
 - Level 3.2 Dodging
 + Level 3.0 Invocations


You had 8 spell levels left.
You didn't know any spells.

Dungeon Overview and Level Annotations

Branches:
Dungeon (12/15)            Temple (1/1) D:5
   Lair: D:8-11         Orc: D:9-12

Altars:
Cheibriados
Dithmenos
Elyvilon
Fedhas
Kikubaaqudgha
Makhleb
Okawaru
Qazlal
Sif Muna
Uskayaw
Wu Jian
Yredelemnul
Zin
The Shining One
Lugonu

Shops:
D:6 [   D:9 :


Innate Abilities, Weirdness & Mutations

You are resistant to damage.
You can heal yourself by infusing magical energy.
You passively map the area around you.
You do not regenerate.


Message History

The troll closely misses you.
You barely miss the troll.
The troll is severely wounded.
The troll bites you! The troll closely misses you. The troll misses you.
You hit the troll.
The troll is severely wounded.
The troll closely misses you. The troll claws you! The troll misses you.
You hit the troll.
The troll is almost dead.
You hit the centaur. The centaur completely misses you. The troll bites you!!
* * * LOW HITPOINT WARNING * * *
The troll claws you but does no damage. The troll claws you!
* * * LOW HITPOINT WARNING * * *
An orc comes into view. It is wielding a dagger.
You feel much better. The centaur hits you!
* * * LOW HITPOINT WARNING * * *
The centaur hits you.
* * * LOW HITPOINT WARNING * * *
The troll completely misses you. The troll claws you!
You die...

,* , ** * , , * * , , ,
, ,, , , ,, ( , , **+*
*, , .. , + ,, ,, , ,
... ,, *, *, ...o , ,,
* , *.....o,, , ,
##############...... ,
#...........@To.(...
#............c....o.,
,*
#...................,
#...................
#................... *
#######.....#+######***
#.....#.....# ,
#.....#.....+ , , ,,, ,
#... .....#.....#, , ,
#...


You could see a troll, an orc warrior, a centaur, an orc priest (wandering) and
2 orcs.

Vanquished Creatures
  2 hippogriffs (D:8)
  A hungry ghost (D:9)
  Duvessa (D:6)
  An ice beast (D:10)
  An orc warrior (D:8)
  2 sky beasts
  An ogre (D:5)
  2 centaurs (D:10)
  A bullfrog (D:9)
  Dowan (D:6)
  6 killer bees (D:11)
  A howler monkey (D:5)
  2 crimson imps
  A bullfrog zombie (D:5)
  A hound (D:9)
  2 orc priests
  2 orc wizards (D:10)
  4 worker ants
  4 gnolls (D:5)
  3 adders
  An ooze (D:1)
  2 worms (D:3)
  A leopard gecko (D:3)
  6 orcs
  A ball python (Sewer)
  2 bats (D:1)
  7 giant cockroaches
  A goblin (D:1)
  2 hobgoblins
  3 jackals (D:5)
  A kobold (D:1)
  A quokka (D:10)
  6 frilled lizards
  2 quokka skeletons (D:5)
  A rat (D:1)
76 creatures vanquished.

Notes
Turn   | Place    | Note
-------+----------+-------------------------------------------
     0 | D:1      | Charly the Deep Dwarf Gladiator began the quest for the Orb.
     0 | D:1      | Reached XP level 1. HP: 19/19 MP: 1/1
    53 | D:1      | Reached XP level 2. HP: 26/26 MP: 2/2
   275 | D:3      | Reached skill level 4 in Axes
   301 | D:3      | Found a glowing drain.
   314 | D:3      | Reached XP level 3. HP: 22/32 MP: 3/3
   330 | Sewer    | Entered a sewer
   456 | D:5      | Entered Level 5 of the Dungeon
   472 | D:5      | Found a staircase to the Ecumenical Temple.
   481 | Temple   | Entered the Ecumenical Temple
   580 | D:5      | Reached skill level 5 in Axes
   580 | D:5      | Reached XP level 4. HP: 12/40 MP: 4/4
   708 | D:6      | Found Widy's Antique Armour Shoppe.
   735 | D:5      | Found a stormy altar of Qazlal.
   745 | D:5      | Reached XP level 5. HP: 38/49 MP: 5/5
   784 | D:6      | Found a burning altar of Makhleb.
   786 | D:6      | Found a glowing silver altar of Zin.
   787 | D:6      | Noticed a balrug
   787 | D:6      | Noticed an angel
   790 | D:6      | Became a worshipper of Makhleb the Destroyer
   863 | D:6      | Noticed Dowan
   864 | D:6      | Noticed Duvessa
   880 | D:6      | Killed Dowan
   880 | D:6      | Reached skill level 6 in Axes
   912 | D:6      | Killed Duvessa
   912 | D:6      | Reached XP level 6. HP: 16/56 MP: 4/4
   957 | D:5      | Reached skill level 7 in Axes
  1027 | D:7      | Found a shadowy altar of Dithmenos.
  1085 | D:8      | Reached XP level 7. HP: 53/64 MP: 4/4
  1089 | D:8      | Noticed a hippogriff
  1111 | D:8      | Killed a hippogriff
  1111 | D:8      | Reached skill level 8 in Axes
  1119 | D:8      | Noticed a hippogriff
  1140 | D:8      | Killed a hippogriff
  1140 | D:8      | Reached skill level 5 in Fighting
  1154 | D:9      | Reached skill level 9 in Axes
  1154 | D:9      | Reached XP level 8. HP: 20/74 MP: 4/4
  1180 | D:10     | Entered Level 10 of the Dungeon
  1180 | D:10     | Noticed a deep elf mage
  1197 | D:9      | Found Fanoqe's Book Emporium.
  1263 | D:9      | Noticed a troll
  1280 | D:10     | Reached * piety under Makhleb
  1280 | D:10     | Reached skill level 10 in Axes
  1291 | D:11     | Noticed a cyclops
  1313 | D:10     | Reached skill level 1 in Invocations
  1482 | D:11     | Gained mutation: You passively map the area around you. [Deep Dwarf growth]
  1482 | D:11     | Reached XP level 9. HP: 26/82 MP: 2/4
  1505 | D:11     | Got a translucent steel ring
  1506 | D:11     | Identified the ring of Sematuch {rF+ Str+7 Int-3} (You found it on level 11 of the Dungeon)
  1510 | D:11     | Noticed a troll
  1522 | D:11     | HP: 2/82 [troll (5)]
  1523 | D:11     | Slain by a troll

Vault maps used:
D:1:      saegor_arrival_simple_c
D:2:      fiery_altar_vehumet, kennysheep_generic_room_15, uniq_natasha
D:3:      nicolae_overflow_quartered_altars, first_ration, gup_sewer_entry_pipe,
          minmay_liquid_box, corexii_shack, grunt_ministairs_7,
          uniq_crazy_yiuf_cottage, uniq_ijyb
D:4:      old_standard_altar
D:5:      old_standard_altar, minmay_temple_entry_poolview, basic_altar,
          grunt_qazlal_clouds
D:6:      old_forge, grunt_temple_overflow_order_and_chaos_2,
          lemuel_crystal_altar, serial_shops, nicolae_shop_crystal,
          hangedman_abyss_or_decor_passed, dk_vineyard_3, uniq_prince_ribbit1,
          uniq_duvessa
D:7:      basic_altar, serial_shops, shop,
          nicolae_ossuary_entry_false_entrances, cheibriados_altar_1
D:8:      lemuel_crystal_altar
D:9:      serial_shops, shop
D:10:     hangedman_stone_soup
D:11:     minmay_lair_entry_grove, hiddenorc1_lemuel
D:12:     xom_redecorated
Temple:   kb_corrupted_temple
Sewer:    sewer_co_purgy_island

Skill      XL: |  1  2  3  4  5  6  7  8  9 |
---------------+----------------------------+-----
Fighting       | 2 3 4 5 6 |  6.3
Axes           | 4 5 6 7 9 10 | 10.8
Invocations    | 2 3 |  3.0
Throwing       | |  1.7
Dodging        | |  3.2

Action                   |  1- 3 |  4- 6 |  7- 9 || total
-------------------------+-------+-------+-------++-------
Melee: War axe           |    58 |    87 |   143 ||   288
Throw: Throwing net      |     3 |     3 |     4 ||    10
 Abil: Heal Wounds       |       |     8 |    10 ||    18
Evoke: Wand              |       |       |     1 ||     1
  Use: Scroll            |     6 |       |     3 ||     9
 Stab: Held in net/web   |       |       |     2 ||     2
       Sleeping          |       |       |     2 ||     2
  Eat: Chunk             |       |     1 |     2 ||     3
Armor: Leather armour    |    54 |    13 |    16 ||    83
Dodge: Dodged            |   103 |    72 |   172 ||   347

Table legend:
 A = Spawn XP
 B = Non-spawn XP
 C = Spawn XP percentage of total XP
 D = Spawn monster count
 E = Non-spawn monster count
 F = Spawn count percentage of total count
 G = Total turns spent on level
                    A         B        C        D         E        F      G
               +---------+---------+-------+---------+---------+-------+---------
         Total |       0 |    2918 |   0.0 |       0 |      76 |   0.0 |  1523
               +---------+---------+-------+---------+---------+-------+---------
           D:1 |       0 |      23 |   0.0 |       0 |      11 |   0.0 |   133
           D:3 |       0 |      25 |   0.0 |       0 |       9 |   0.0 |   119
           D:5 |       0 |     334 |   0.0 |       0 |      15 |   0.0 |   243
           D:6 |       0 |     258 |   0.0 |       0 |       4 |   0.0 |   259
           D:8 |       0 |     746 |   0.0 |       0 |       9 |   0.0 |   111
           D:9 |       0 |     481 |   0.0 |       0 |       5 |   0.0 |   104
          D:10 |       0 |     478 |   0.0 |       0 |       9 |   0.0 |   102
          D:11 |       0 |     554 |   0.0 |       0 |       8 |   0.0 |   168
         Sewer |       0 |      19 |   0.0 |       0 |       6 |   0.0 |    60
               +---------+---------+-------+---------+---------+-------+---------
